 Dungeon Crawl Stone Soup version 0.30.1-11-g7821555f0a (webtiles) character file.

Game seed: 9980922283414835633

18013 Ijustatesigmund the Destroyer (level 12, -2/76 HPs)
             Began as a Tengu Fire Elementalist on Dec 15, 2023.
             Slain by Jorgrun
             ... wielding a staff of earth
              (24 damage)
             ... on level 13 of the Dungeon.
             The game lasted 00:44:04 (19178 turns).

Ijustatesigmund the Destroyer (TeFE)               Turns: 19178, Time: 00:44:05

Health: -2/76      AC:  7    Str:  9    XL:     12   Next: 54%
Magic:  26/34      EV: 19    Int: 20    God:
Gold:   381        SH:  0    Dex: 15    Spells: 17/28 levels left

rFire   + + .        i - +6 short sword (freeze)
rCold   x . .        (no shield)
rNeg    . . .        a - +2 robe {rF+}
rPois   .            (helmet restricted)
rElec   .            l - +1 cloak
rCorr   .            M - +0 pair of gloves
SInv    .            (boots unavailable)
Will    .....        (no amulet)
Stlth   ++           q - ring of fire
HPRegen 0.32/turn    v - ring of magical power
MPRegen 0.24/turn

%: no passive effects
@: mighty, flying quickly and evasively, invisible, quick
A: beak, talons 3, nimble flight
a: no special abilities


You were on level 13 of the Dungeon.
You visited 3 branches of the dungeon, and saw 15 of its levels.
You also visited: Bailey.

You collected 872 gold pieces.
You spent 491 gold pieces at shops.

Inventory:

Hand Weapons
 i - a +6 short sword of freezing (weapon)
 y - a +4 rapier
Armour
 a - a +2 robe of fire resistance (worn)
 d - a +1 leather armour of willpower
 l - a +1 cloak (worn)
 E - a +0 cloak of stealth
 G - the +0 robe "Huta" {+Blink rC+}
   (You found it in a bailey)

   rC:        It protects you from cold.
   +Blink:    It lets you blink.
 M - a +0 pair of gloves (worn)
 N - the +0 robe of the Dice {rElec Str+4}
   (You bought it in a shop on level 1 of the Dungeon)

   Str:       It affects your strength (+4).
   rElec:     It insulates you from electricity.
Jewellery
 q - a ring of fire (left hand)
 v - a ring of magical power (right hand)
 B - a ring of resist corrosion
 I - a +6 ring of strength
 O - a ring of wizardry
Wands
 k - a wand of charming (4)
 p - a wand of polymorph (3)
 u - a wand of iceblast (5)
 C - a wand of light (5)
 K - a wand of digging (1)
 L - a wand of flame (4)
Scrolls
 f - 3 scrolls of teleportation
 h - 4 scrolls of immolation
 m - 2 scrolls of fog
 n - 2 scrolls of identify
 w - a scroll of enchant weapon
 A - 2 scrolls of silence
Potions
 b - 3 potions of magic
 c - 3 potions of ambrosia
 e - 6 potions of curing
 g - 3 potions of heal wounds
 j - 4 potions of attraction
 o - a potion of resistance
 r - 5 potions of mutation
 s - a potion of cancellation
 t - a potion of lignification
 J - 3 potions of might


   Skills:
 + Level 9.6 Fighting
 - Level 3.6 Short Blades
 - Level 3.2 Armour
 - Level 9.0 Dodging
 - Level 2.0 Stealth
 + Level 8.5 Spellcasting
 + Level 11.7 Conjurations
 + Level 10.4 Fire Magic


You had 17 spell levels left.
You knew the following spells:

 Your Spells              Type           Power      Damage    Failure   Level
a - Foxfire               Conj/Fire      100%       2x1d9     1%          1
b - Scorch                Fire           100%       2d9       1%          2
c - Flame Wave            Conj/Fire      68%        2d15      1%          4
d - Sticky Flame          Conj/Fire      68%        2d8       1%          4

Your spell library contained the following spells:

 Spells                   Type           Power      Damage    Failure   Level
 Magic Dart               Conj           100%       1d8       1%          1
 Searing Ray              Conj           100%       2d8       1%          2
 Hailstorm                Conj/Ice       32%        3d8       2%          3
 Inner Flame              Hex/Fire       44%        N/A       2%          3
 Volatile Blastmotes      Fire/Tloc      88%        2d17      2%          3
 Ignite Poison            Fire/Tmut/Pois 33%        N/A       6%          3
 Fulminant Prism          Conj/Hex       16%        3d10      7%          4
 Freeze                   Ice            32%        1d5       9%          1
 Ensorcelled Hibernation  Hex/Ice        16%        N/A       12%         2
 Frozen Ramparts          Ice            16%        1d3       24%         3
 Spider Form              Tmut/Pois      8%         N/A       24%         3
 Anguish                  Hex/Necr       4%         N/A       63%         4
 Passage of Golubria      Tloc           8%         N/A       63%         4
 Silence                  Hex/Air        4%         N/A       92%         5
 Ignition                 Fire           33%        3d10      100%        8
 Lehudib's Crystal Spear  Conj/Erth      16%        10d5      100%        8


Dungeon Overview and Level Annotations

Branches:
Dungeon (13/15)            Temple (1/1) D:5            Lair (0/5) D:9
    Orc (1/2) D:11         Bailey (visited)
 Vaults: D:13-14

Altars:
Ashenzari
Cheibriados
Dithmenos
Elyvilon
Fedhas
Gozag
Hepliaklqana
Kikubaaqudgha
Makhleb
Nemelex Xobeh
Okawaru
Qazlal
Ru
Sif Muna
Trog
Uskayaw
Wu Jian
Xom
Yredelemnul
Zin

Shops:
D:1 =?([

Annotations:
D:12 Sonja
D:13 Jorgrun


Innate Abilities, Weirdness & Mutations

You have a beak for a mouth.
You have claws for feet.
Your magical nature lets you fly swiftly and evasively.


Message History

You hear a grinding noise.
A green ugly thing comes into view.
You feel very mighty all of a sudden. Jorgrun casts a spell at you.
Roots burst forth from the earth!
The grasping roots grab you! The grasping roots constrict you.
You fade into invisibility!
Jorgrun casts a spell at you.
You struggle to resist.
The grasping roots constrict you.
You escape the roots grasp.
Found 2 scrolls of fog.
Jorgrun misses you.
You miss Jorgrun. You claw Jorgrun! You peck Jorgrun!
Jorgrun is lightly wounded.
Jorgrun completely misses you.
Casting: Flame Wave (dangerous; 1% risk of failure)
Confirm with . or Enter, or press ? or * to list all spells.
Aiming: Sticky Flame (dangerous; 1% risk of failure)
Press: ? - help, Shift-Dir - straight line, f - Jorgrun
Aim: Jorgrun, wielding a staff of earth and wearing a +0 robe (lightly wounded, unable to see you)
You feel a surge of power!
The sticky flame hits Jorgrun!
Jorgrun is moderately wounded.
Jorgrun is covered in liquid flames!
Jorgrun burns!
Jorgrun barely misses you.
Casting: Sticky Flame (dangerous; 1% risk of failure)
Confirm with . or Enter, or press ? or * to list all spells.
You feel a surge of power!
Flames lash Jorgrun.
Jorgrun is moderately wounded.
Jorgrun's fire resistance burns away.
Jorgrun burns!
Jorgrun gestures at you while chanting. The iron shot misses you.
Jorgrun burns!
Jorgrun hits you with a staff of earth!
* * * LOW HITPOINT WARNING * * *
Jorgrun shatters you!
* * * LOW HITPOINT WARNING * * *
You feel much better.
Jorgrun burns!
Jorgrun mutters some incantations to himself.
Jorgrun hits you with a staff of earth!
* * * LOW HITPOINT WARNING * * *
Jorgrun shatters you!!
You die...

####### #.....# #.....#
#.....# ####### #.....#
.......##.....############...
........†.....g@............u
###?#.........########...#...
#.. .....## .### .... ...? .#
..#.# ### ## ...... #g###. ..
..


You could see Jorgrun (unable to see you, burning, combustible).

Vanquished Creatures
  3 boulder beetles (D:11)
  A two-headed ogre (D:10)
  A centaur warrior (D:11)
  Amaemon (D:11)
  Lodul (D:11)
  An orc knight (Bailey)
  A deep elf zephyrmancer (Bailey)
  3 ugly things
  Joseph (D:9)
  Maurice (D:9)
  The ghost of wer000g the Chopper, a novice HOMo (D:3)
  2 gargoyles
  An orange demon (D:11)
  A komodo dragon (D:10)
  2 trolls
  2 hornets
  4 slime creatures (D:11)
  A wyvern (D:7)
  2 wraiths (D:11)
  11 yaks
  Grum (D:8)
  3 steam dragons
  A basilisk (D:11)
  The ghost of TangoThomas the Conjurer, an amateur DsRe (D:4)
  3 vampire mosquitoes (D:10)
  4 water moccasins
  2 ice beasts
  7 orc warriors
  3 black bears (D:6)
  6 ogres
  The ghost of Roguefish the Shooter, an amateur MiHu (D:5)
  2 wolves (D:8)
  3 centaurs
  3 phantoms (D:4)
  2 kobold brigands
  A bullfrog (D:6)
  A gnoll sergeant (D:8)
  A scorpion (D:3)
  7 wights
  17 killer bees
  4 howler monkeys
  3 jellies
  5 orc priests
  4 hounds
  2 sleepcaps
  Crazy Yiuf (D:7)
  Jessica (D:2)
  4 iguanas
  6 orc wizards
  3 gnolls (D:8)
  6 adders
  A white imp (D:7)
  3 dart slugs
  41 orcs
  7 ball pythons
  3 endoplasms (D:4)
  A giant cockroach (D:1)
  10 hobgoblins
  5 jackals (D:3)
  5 quokkas
  A bat (D:1)
  7 frilled lizards
  15 goblins
  9 kobolds
  4 rats
261 creatures vanquished.

Vanquished Creatures (collateral kills)
  A wight (D:10)
1 creature vanquished.

Vanquished Creatures (others)
  An orc (D:8)
  4 kobolds (D:8)
  369 foxfires
374 creatures vanquished.

Grand Total: 636 creatures vanquished

Notes
Turn   | Place    | Note
-------+----------+-------------------------------------------
     0 | D:1      | Ijustatesigmund the Tengu Fire Elementalist began the quest
                  | for the Orb.
     0 | D:1      | Reached XP level 1. HP: 10/10 MP: 4/4
    74 | D:1      | Found Zosorr's Magic Scroll Shoppe.
   202 | D:1      | Found a faded altar of an unknown god.
   384 | D:1      | Reached XP level 2. HP: 15/15 MP: 4/6
   442 | D:1      | Reached skill level 2 in Conjurations
   684 | D:1      | Found Ivoschism's Antique Armour Boutique.
   689 | D:1      | Found Vureq's Weapon Shop.
  1099 | D:1      | Reached XP level 3. HP: 19/19 MP: 2/7
  1102 | D:1      | Learned a level 2 spell: Scorch
  1169 | D:1      | Found Zuoranirph's Jewellery Emporium.
  1759 | D:2      | Noticed Jessica
  1763 | D:2      | Killed Jessica
  1764 | D:2      | Reached skill level 3 in Conjurations
  1764 | D:2      | Reached XP level 4. HP: 24/24 MP: 4/9
  2551 | D:3      | Gained mutation: Your magical nature lets you fly swiftly
                  | and evasively. [Tengu growth]
  2551 | D:3      | Reached XP level 5. HP: 28/28 MP: 5/10
  2783 | D:3      | Learned a level 4 spell: Flame Wave
  2794 | D:3      | Reached skill level 4 in Conjurations
  3393 | D:4      | Noticed a phantom
  3404 | D:4      | Killed a phantom
  3405 | D:4      | Reached skill level 5 in Fire Magic
  3405 | D:4      | Reached XP level 6. HP: 30/32 MP: 1/12
  3785 | D:4      | Reached skill level 5 in Conjurations
  3874 | D:4      | Reached XP level 7. HP: 35/36 MP: 5/14
  4483 | D:5      | Entered Level 5 of the Dungeon
  4847 | D:4      | Reached skill level 6 in Conjurations
  4879 | D:4      | Found a runed translucent gate.
  4879 | D:4      | Found a runed translucent gate.
  4879 | D:4      | Found a runed translucent gate.
  4879 | D:4      | Noticed wer000g's ghost (novice HOMo)
  4880 | D:4      | Noticed TangoThomas's ghost (amateur DsRe)
  5424 | D:5      | Found a runed translucent door.
  5424 | D:5      | Noticed Roguefish's ghost (amateur MiHu)
  5545 | D:5      | Found a staircase to the Ecumenical Temple.
  5553 | Temple   | Entered the Ecumenical Temple
  6171 | D:5      | Found a hazy altar of Hepliaklqana.
  6443 | D:5      | Killed Roguefish's ghost
  6444 | D:5      | Reached skill level 5 in Spellcasting
  6444 | D:5      | Reached XP level 8. HP: 28/41 MP: 7/16
  6580 | D:6      | Reached skill level 7 in Conjurations
  7133 | D:6      | Reached skill level 8 in Conjurations
  7201 | D:6      | Found a shimmering altar of Xom.
  7738 | D:7      | Reached XP level 9. HP: 35/45 MP: 18/19
  8193 | D:7      | Reached skill level 1 in Fighting
  8193 | D:7      | Reached skill level 1 in Armour
  8341 | D:7      | Found a runed translucent door.
  8342 | D:7      | Noticed Crazy Yiuf
  8348 | D:7      | Killed Crazy Yiuf
  8351 | D:7      | Identified the +2 hammer of Triumph {freeze, Fly}
  8677 | D:8      | Noticed Grum
  8751 | D:8      | Found a flagged portal.
  8757 | Bailey   | Entered a bailey
  9036 | Bailey   | Noticed an orc knight
  9092 | Bailey   | Killed an orc knight
  9262 | Bailey   | Found a large runed translucent door.
  9262 | Bailey   | Found a large runed translucent door.
  9263 | Bailey   | Noticed a deep elf zephyrmancer
  9265 | Bailey   | Found the +8 Wrath of Trog {antimagic, *Rage Rampage}
  9872 | Bailey   | Killed a deep elf zephyrmancer
  9873 | Bailey   | Reached skill level 5 in Fighting
  9873 | Bailey   | Reached skill level 5 in Dodging
  9873 | Bailey   | Reached XP level 10. HP: 41/59 MP: 20/20
  9906 | Bailey   | Identified the orb "Rutsih" {light, Dex+3}
  9911 | Bailey   | Identified the +0 crystal plate armour of Imperfection
                  | {*Slow Regen+ Int+4 Dex-5}
  9919 | Bailey   | Identified the +0 robe "Huta" {+Blink rC+}
  9993 | D:8      | Killed Grum
 10590 | D:8      | Identified the +4 hand axe of Dunoczifry {pain, *Corrode
                  | rN+ Dex+3 SInv}
 10809 | D:8      | Found a shadowy altar of Dithmenos.
 10896 | D:8      | Found a stormy altar of Qazlal.
 10902 | D:8      | Found a burning altar of Makhleb.
 10903 | D:8      | Found a shimmering blue altar of Sif Muna.
 10904 | D:8      | Found a bloodstained altar of Trog.
 10959 | D:8      | Found a glowing silver altar of Zin.
 11540 | D:9      | Found a staircase to the Lair.
 11567 | D:9      | Noticed Joseph
 11577 | D:9      | Killed Joseph
 11846 | D:9      | Noticed Maurice
 11858 | D:9      | Killed Maurice
 12067 | D:9      | Reached XP level 11. HP: 50/69 MP: 12/21
 12754 | D:1      | Bought a tattered robe for 131 gold pieces
 12754 | D:1      | Identified the +0 robe of the Dice {rElec Str+4} (You
                  | bought it in a shop on level 1 of the Dungeon)
 12848 | D:1      | Bought a ring of wizardry for 360 gold pieces
 13003 | D:3      | Killed wer000g's ghost
 13004 | D:3      | Reached skill level 9 in Conjurations
 13248 | D:4      | Killed TangoThomas's ghost
 13771 | D:10     | Entered Level 10 of the Dungeon
 14397 | D:10     | Paralysed by a hornet for 2 turns
 14578 | D:10     | Noticed a two-headed ogre
 14905 | D:10     | Killed a two-headed ogre
 14906 | D:10     | Reached skill level 1 in Short Blades
 15373 | D:10     | Noticed a two-headed ogre
 15774 | D:11     | Paralysed by a hornet for 2 turns
 15995 | D:10     | Reached skill level 10 in Conjurations
 16155 | D:11     | Noticed a centaur warrior
 16164 | D:11     | Killed a centaur warrior
 16441 | D:11     | Noticed a boulder beetle
 16452 | D:11     | Learned a level 4 spell: Sticky Flame
 16681 | D:11     | Killed a boulder beetle
 16953 | D:11     | Found a staircase to the Orcish Mines.
 17451 | D:11     | Identified the +0 leather armour of the Merchant {Str+3}
 17451 | D:11     | Noticed a boulder beetle
 17471 | D:11     | Killed a boulder beetle
 17472 | D:11     | Reached XP level 12. HP: 65/75 MP: 14/24
 17783 | D:11     | Reached skill level 11 in Conjurations
 18046 | D:11     | Noticed Amaemon
 18057 | D:11     | Killed Amaemon
 18243 | D:12     | Reached skill level 10 in Fire Magic
 18246 | D:12     | Noticed Lodul
 18291 | Orc:1    | Entered Level 1 of the Orcish Mines
 18332 | D:12     | Noticed Sonja
 18341 | D:11     | Killed Lodul
 18357 | D:11     | Noticed a boulder beetle
 18375 | D:11     | Killed a boulder beetle
 19151 | D:13     | Noticed Jorgrun
 19178 | D:13     | Slain by Jorgrun

Illustrated notes

Levels and vault maps discovered:
D:1:      dpeg_arrival_morbid_curiosity, layout_basic, serial_shops,
          nicolae_shop_behind_doors, nicolae_shop_trees, shop,
          nicolae_shop_gaudy_bauble, basic_ecumenical_altar,
          chequers_hall_statues_y, grunt_decor_fettered
D:2:      layout_rooms, uniq_jessica
D:3:      layout_basic
D:4:      layout_loops_corners, gammafunk_ghost_cemetery
D:5:      layout_gridville, amcnicky_altar_gilded, minmay_temple_entry_ruins,
          hellmonk_ghost_happy_afterlife
D:6:      layout_basic, marbit_many_paths, hangedman_decor_points
D:7:      layout_basic, pf_just_have_faith, vehumet_altar_wand_db,
          grunt_ministairs_7, uniq_crazy_yiuf_cottage
D:8:      layout_loops_ring, minitemple, zin_academy, enter_bailey_3,
          grunt_ministairs_14, uniq_grum
D:9:      layout_basic, lair_entry_dummy, hangedman_decor_clover_reticule,
          kennysheep_generic_room_8, uniq_joseph, uniq_maurice
D:10:     layout_loops_ring
D:11:     layout_irregular_city, minmay_orc_entry_temple_small, uniq_amaemon
D:12:     layout_cave_pools, uniq_sonja, uniq_lodul
D:13:     layout_basic, uniq_jorgrun, uniq_snorg, uniq_erolcha
Temple:   chequers_temple_sunken
Orc:1:    layout_caves

Skill      XL: |  1  2  3  4  5  6  7  8  9 10 11 12 |
---------------+-------------------------------------+-----
Conjurations   | 2 3 4 5 6 8 10 11 | 11.7
Fire Magic     | 4 5 6 7 8 9 10 | 10.4
Spellcasting   | 3 4 5 6 7 8 |  8.5
Fighting       | 5 8 9 |  9.6
Armour         | 3 |  3.2
Dodging        | 5 8 9 |  9.0
Short Blades   | 3 |  3.6
Stealth        | |  2.0

Action                     |  1- 3 |  4- 6 |  7- 9 | 10-12 || total
---------------------------+-------+-------+-------+-------++-------
  Melee: Dagger            |       |     6 |     4 |    10 ||    20
         Kick              |       |     1 |     1 |    17 ||    19
         Punch             |       |       |       |     1 ||     1
         Short sword       |       |       |       |    29 ||    29
         Peck              |       |       |       |     7 ||     7
   Cast: Foxfire           |    46 |    50 |    66 |    62 ||   224
         Scorch            |     1 |    26 |    75 |    81 ||   183
         Flame Wave        |       |       |    13 |    51 ||    64
         Sticky Flame      |       |       |       |    16 ||    16
  Evoke: Wand              |       |       |     9 |     5 ||    14
    Use: Scroll            |     2 |     8 |    10 |     7 ||    27
         Potion            |       |       |     1 |     9 ||    10
   Stab: Sleeping          |       |       |     1 |     1 ||     2
 Armour: Robe              |     2 |     6 |    22 |    41 ||    71
  Dodge: Dodged            |     5 |    16 |    55 |   223 ||   299
